 Dungeon Crawl Stone Soup version 0.28-a0-751-gef3a642a4e (webtiles) character file.

Game seed: 15000753003274405146

2400 KoroneIsBestGirl the Ogre Mage (level 9, -3/66 (74) HPs)
             Began as an Ogre Ice Elementalist on Oct 31, 2021.
             Was an Initiate of Gozag.
             Slain by a wight (13 damage)
             ... on level 7 of the Dungeon.
             The game lasted 00:11:36 (10466 turns).

KoroneIsBestGirl the Ogre Mage (OgIE)              Turns: 10466, Time: 00:11:37

HP:   -3/66 (74)    AC:  4    Str: 20    XL:     9   Next: 46%
MP:   20/21         EV: 11    Int: 19    God:    Gozag
Gold: 399           SH:  5    Dex:  9    Spells: 20/24 levels left

rFire   . . .      SeeInvis .   j - +0 trident
rCold   + . .      Faith    .   (no shield)
rNeg    . . .      Spirit   .   a - +1 robe
rPois   .          Reflect  +   (helmet restricted)
rElec   .          Harm     .   (no cloak)
rCorr   .          Rampage  .   (gloves unavailable)
Will    .....                   (boots unavailable)
Stlth   +.........              e - amulet of reflection
HPRegen 0.21/turn               i - ring of protection from cold
MPRegen 0.17/turn               m - +6 ring of strength

@: heavily drained
A: large, unfitting armour, tough skin 1
a: Renounce Religion, Potion Petition, Call Merchant, Bribe Branch


You were on level 7 of the Dungeon.
You worshipped Gozag.
Gozag was aware of your devotion.
You visited 2 branches of the dungeon, and saw 8 of its levels.

You collected 466 gold pieces.
You paid 67 gold pieces to Gozag.

Inventory:

Hand Weapons
 j - a +0 trident (weapon)
 q - a +1 giant club
Armour
 a - a +1 robe (worn)
Jewellery
 e - an amulet of reflection (around neck)
 i - a ring of protection from cold (left hand)
 m - a +6 ring of strength (right hand)
Wands
 f - a wand of polymorph (7)
 l - a wand of iceblast (8)
 n - a wand of charming (6)
Scrolls
 d - a scroll of teleportation
 g - a scroll of amnesia {unknown}
 k - a scroll of noise
 r - 2 scrolls of enchant armour
 s - a scroll of summoning {unknown}
 t - a scroll of identify {unknown}
Potions
 b - 2 potions of haste {unknown}
 c - a potion of degeneration
 h - 3 potions of curing {unknown}
 p - 3 potions of flight {unknown}


   Skills:
 + Level 6.8 Dodging
 - Level 1.4 Stealth
 + Level 8.2 Spellcasting
 + Level 7.5 Ice Magic


You had 20 spell levels left.
You knew the following spells:

 Your Spells              Type           Power      Damage    Failure   Level
a - Freeze                Ice            100%       1d11      1%          1
b - Frozen Ramparts       Ice            72%        1d9       1%          3

Your spell library contained the following spells:

 Spells                   Type           Power      Damage    Failure   Level
 Ozocubu's Armour         Ice            36%        N/A       1%          3
 Hailstorm                Conj/Ice       22%        3d7       19%         4
 Gell's Gravitas          Tloc           3%         N/A       26%         3
 Teleport Other           Tloc           7%         N/A       26%         3
 Dispersal                Tloc           3%         N/A       100%        6


Dungeon Overview and Level Annotations

Branches:
Dungeon (7/15)             Temple (1/1) D:5

Altars:
Ashenzari
Cheibriados
Fedhas
Gozag
Nemelex Xobeh
Okawaru
Sif Muna
Vehumet
Wu Jian
Zin

Annotations:
D:4 Grinder


Innate Abilities, Weirdness & Mutations

You are too large for most types of armour.
You have tough skin. (AC +1)


Message History

The wight resists.
The wall freezes the wight.
The wight hits you with a +5 war axe!
You feel drained.
Unknown command.
You hit the wight.
The wight is moderately damaged.
The wight resists.
The wall freezes the wight.
The wight closely misses you.
The wight completely resists.
The wall freezes the wight but does no damage.
The wight hits you with a +5 war axe.
Unknown command.
You closely miss the wight.
The wight is heavily damaged.
The wight resists.
The wall freezes the wight.
The wight hits you with a +5 war axe!
Unknown command.
You are too injured to fight recklessly!
Unknown command.
Unknown command.
You are too injured to fight recklessly!
Unknown command.
You are too injured to fight recklessly!
You are too injured to fight recklessly!
You barely miss the wight.
The wight is heavily damaged.
The frozen ramparts melt away.
The wight hits you with a +5 war axe!
You feel drained.
* * * LOW HITPOINT WARNING * * *
You hit the wight.
The wight is almost destroyed.
The wight hits you with a +5 war axe!
* * * LOW HITPOINT WARNING * * *
You block the wight's attack.
You completely miss the wight.
The wight is almost destroyed.
The wight barely misses you.
You closely miss the wight.
The wight is almost destroyed.
The wight hits you with a +5 war axe!
You die...
Your body crumbles into a pile of gold.

#########
#.......#
##.#####.#####
.............#
#.##......#.#
##.#.z##.#
#.###.#$@##.#
#.......[##.#
#####.......#
####.#### #.#
#.# #.#
#......>#
#.##.##.#


You could see a wight.

Vanquished Creatures
  A kobold demonologist (D:7)
  A steam dragon (D:5)
  Duvessa (D:6)
  3 orc warriors
  An ice beast (D:6)
  A sky beast (D:6)
  2 necrophages (D:5)
  An ogre (D:4)
  2 phantoms
  2 scorpions
  A gnoll sergeant (D:6)
  Dowan (D:6)
  A water moccasin zombie (D:6)
  6 hounds
  3 orc priests
  A centaur skeleton (D:5)
  2 iguanas
  8 orc wizards
  A howler monkey skeleton (D:6)
  4 adders
  6 gnolls
  An ufetubus (D:5)
  A worm (D:2)
  A dart slug (D:1)
  25 orcs
  4 endoplasms
  3 hobgoblins
  4 jackals (D:2)
  3 quokkas
  6 ball pythons
  5 bats
  5 frilled lizards
  5 goblins
  A jackal skeleton (D:4)
  8 kobolds
  A quokka skeleton (D:4)
  4 rats
126 creatures vanquished.

Notes
Turn   | Place    | Note
-------+----------+-------------------------------------------
     0 | D:1      | KoroneIsBestGirl the Ogre Ice Elementalist began the quest
                  | for the Orb.
     0 | D:1      | Reached XP level 1. HP: 16/16 MP: 3/3
   319 | D:1      | Reached XP level 2. HP: 24/24 MP: 1/5
  1510 | D:2      | Reached skill level 3 in Spellcasting
  1510 | D:2      | Reached XP level 3. HP: 25/31 MP: 2/7
  2339 | D:3      | Learned a level 3 spell: Frozen Ramparts
  2489 | D:3      | Noticed an orc warrior
  3290 | D:2      | Killed an orc warrior
  3291 | D:2      | Reached XP level 4. HP: 12/39 MP: 2/9
  3291 | D:2      | Reached XP level 5. HP: 13/45 MP: 2/10
  3702 | D:3      | Reached skill level 4 in Spellcasting
  4501 | D:3      | Reached XP level 6. HP: 41/53 MP: 5/12
  5002 | D:3      | Found an iron altar of Okawaru.
  5166 | D:4      | Reached skill level 5 in Ice Magic
  5354 | D:4      | Noticed Grinder
  5976 | D:4      | Reached skill level 5 in Spellcasting
  5976 | D:4      | Reached XP level 7. HP: 49/59 MP: 6/14
  6069 | D:5      | Entered Level 5 of the Dungeon
  6069 | D:5      | Noticed a steam dragon
  7081 | D:5      | Killed a steam dragon
  7085 | D:5      | Reached skill level 6 in Spellcasting
  7085 | D:5      | Reached XP level 8. HP: 29/67 MP: 7/17
  7311 | D:5      | Reached skill level 5 in Dodging
  7681 | D:5      | Found a staircase to the Ecumenical Temple.
  7698 | Temple   | Entered the Ecumenical Temple
  7747 | Temple   | Became a worshipper of Gozag Ym Sagoz the Greedy
  8667 | D:6      | Reached skill level 7 in Spellcasting
  9434 | D:6      | Noticed a kobold demonologist
  9434 | D:6      | Noticed Dowan
  9436 | D:6      | Noticed Duvessa
  9578 | D:7      | Reached XP level 9. HP: 54/74 MP: 14/20
  9579 | D:7      | Killed a kobold demonologist
  9848 | D:6      | Killed Duvessa
 10095 | D:6      | Killed Dowan
 10166 | D:6      | Reached skill level 8 in Spellcasting
 10466 | D:7      | Slain by a wight

Illustrated notes

Levels and vault maps discovered:
D:1:      beargit_arrival_greenhouse, layout_basic
D:2:      layout_loops_corners, grunt_decor_one_mirror, minmay_misc_feat_roman
D:3:      kennysheep_big_flooded_room, layout_rooms, lemuel_tele_altar
D:4:      layout_loops_cross, uniq_grinder
D:5:      layout_cave_pools, minmay_temple_entry_ruins, kennysheep_potato
D:6:      layout_basic, serial_shops, shop, minivault_27, chequers_mini_garden,
          uniq_duvessa
D:7:      layout_loops_cross, serial_glass, glass_columns_c, glass_columns_b,
          glass_columns_b, uniq_maggie, uniq_joseph, uniq_pikel
Temple:   nicolae_temple_the_god_donut

Skill      XL: |  1  2  3  4  5  6  7  8  9 |
---------------+----------------------------+-----
Dodging        | 2 3 4 6 |  6.8
Spellcasting   | 3 4 5 6 7 8 |  8.2
Ice Magic      | 4 5 6 7 |  7.5
Stealth        | |  1.4

Action                   |  1- 3 |  4- 6 |  7- 9 || total
-------------------------+-------+-------+-------++-------
Melee: Unarmed           |    20 |    16 |       ||    36
       Giant club        |       |     5 |   125 ||   130
       Trident           |       |       |     9 ||     9
 Cast: Freeze            |    58 |    42 |    78 ||   178
       Frozen Ramparts   |     2 |     5 |    22 ||    29
  Use: Scroll            |     1 |       |     6 ||     7
       Potion            |       |       |     6 ||     6
 Stab: Sleeping          |     1 |       |     1 ||     2
Armor: Robe              |    16 |    13 |    56 ||    85
Dodge: Dodged            |    37 |    31 |   155 ||   223
Block: Other             |    15 |    19 |    67 ||   101
       Reflection        |       |     2 |       ||     2

Table legend: (Time is in decaauts)
 A = Elapsed time spent in this place.
 B = Non-inter-level travel time spent in this place.
 C = Inter-level travel time spent in this place.
 D = Time resting spent in this place.
 E = Time spent auto-exploring this place.
 F = Levels seen in this place.
 G = Mean time per level.
                   A        B        C        D        E       F      G
               +--------+--------+--------+--------+--------+-----+--------+
         Total |  10558 |  10262 |    296 |   3327 |   5689 |   8 | 1319.8 |
       Dungeon |  10491 |  10212 |    279 |   3327 |   5649 |   7 | 1498.7 |
        Temple |     67 |     50 |     17 |      0 |     40 |   1 |   67.0 |
               +--------+--------+--------+--------+--------+-----+--------+

Top non-repeatable levels by time:
     D:2: 2860 daAuts
     D:4: 1788 daAuts
     D:5: 1666 daAuts
     D:3: 1470 daAuts
     D:1: 1186 daAuts
     D:6: 859 daAuts
     D:7: 661 daAuts
  Temple: 67 daAuts
